 Dungeon Crawl Stone Soup version 0.32-a0-576-g706899e69d (webtiles) character file.

Game seed: 9934047392083524879

30 Malificent the Charlatan (level 3, 0/43 HPs)
             Began as a Mountain Dwarf Artificer on Mar 2, 2024.
             Succumbed to an adder's poison
             ... on level 2 of the Dungeon.
             The game lasted 00:03:25 (1485 turns).

Malificent the Charlatan (Mountain Dwarf Artificer) Turns: 1485, Time: 00:03:26

Health: 0/43       AC: 21    Str: 14    XL:     3   Next: 5%
Magic:  3/3        EV:  2    Int: 11    God:
Gold:   70         SH:  0    Dex: 16    Spells: 2/2 levels left

rFire   . . .        n - +1 dagger of Roununwu {speed, Dex+4 SInv}
rCold   . . .        (no shield)
rNeg    . . .        b - melded +0 leather armour
rPois   +            (helmet currently unavailable)
rElec   .            (cloak currently unavailable)
rCorr   .            (gloves currently unavailable)
SInv    +            (boots currently unavailable)
Will    .....        (no amulet)
Stlth   ++           (no ring)
HPRegen 0.27/turn    (no ring)
MPRegen 0.08/turn

%: no passive effects
@: brilliant, lethally poisoned (0 -> -2), tree-form
A: stationary, stasis, torment immunity, boosted hp, runic magic, artefact
enchanting
a: no special abilities


You were on level 2 of the Dungeon.
You were a tree.
You visited 1 branch of the dungeon, and saw 2 of its levels.

You collected 70 gold pieces.

Inventory:

Hand Weapons
 a - a +0 club
 g - a +0 sling
 k - a +0 arbalest
 n - the +1 dagger of Roununwu (weapon) {speed, Dex+4 SInv}
   (You found it on level 2 of the Dungeon)

   Dex+4:     It affects your dexterity (+4).
   SInv:      It lets you see invisible.
Armour
 b - a +0 leather armour (melded)
Wands
 c - a wand of flame (6) (quivered)
 d - a wand of charming (15)
 e - a wand of iceblast (5)
Potions
 f - a potion of lignification
 l - a potion of magic


   Skills:
 + Level 1.8 Fighting
 + Level 1.0 Maces & Flails
 + Level 2.3 Armour
 + Level 0.9 Dodging
 + Level 0.6 Stealth
 + Level 4.0 Evocations


You had 2 spell levels left.
You didn't know any spells.
Your spell library contained the following spells:

 Spells                   Type           Power      Damage    Failure   Level
 Sandblast                Erth           0%         2d4       34%         1
 Ensorcelled Hibernation  Hex/Ice        0%         N/A       47%         2
 Static Discharge         Conj/Air       0%         3-3/arc   47%         2
 Passwall                 Erth           0%         N/A       71%         3
 Stone Arrow              Conj/Erth      0%         3d7       71%         3
 Swiftness                Air            0%         N/A       71%         3
 Airstrike                Air            0%         2d(0-16)  98%         4
 Brom's Barrelling Bould  Conj/Erth      0%         2d3       98%         4
 Summon Lightning Spire   Summ/Air       0%         N/A       98%         4


Dungeon Overview and Level Annotations

Branches:
Dungeon (2/15)

Altars:
Sif Muna

Annotations:
D:1 1 transporter


Innate Abilities, Weirdness & Mutations

You are a tree.
Your roots penetrate the ground, keeping you stationary.
You cannot be teleported.
You are immune to unholy pain and torment.
Your maximum health is greatly increased.
Your equipment is partially melded.
Your spellcasting is much less encumbered by armour.
You can use scrolls of enchantment on lesser artefacts.


Message History

Your Maces & Flails skill increases to level 1!
You have reached level 3!
Your experience leads to an increase in your attributes!
Your base attributes are Str 14, Int 11, Dex 10.
Increase (S)trength, (I)ntelligence, or (D)exterity?
You feel agile. x2
* * * LOW HITPOINT WARNING * * *
You feel sick.
There is a lethal amount of poison in your body!
It was a potion of lignification.
You turn into a tree.
Your +0 leather armour melds into your body.
Your roots penetrate the ground.
* * * LOW HITPOINT WARNING * * *
You feel sick.
It was a potion of magic.
Magic courses through your body.
* * * LOW HITPOINT WARNING * * *
You feel sick.
It was a potion of brilliance.
You feel clever all of a sudden.
* * * LOW HITPOINT WARNING * * *
You feel sick.
There is a lethal amount of poison in your body!
There is a lethal amount of poison in your body!
There is a lethal amount of poison in your body!
There is a lethal amount of poison in your body!
There is a lethal amount of poison in your body!
Okay, then.
As you read the scroll labelled BUKAKI REUCA, it crumbles to dust.
You feel a surge of unholy energy.
It was a scroll of torment.
* * * LOW HITPOINT WARNING * * *
You feel sick.
As you read the scroll labelled ARUMOATHIALORA, it crumbles to dust.
You assume a fearsome visage.
Nothing appears to happen.
It was a scroll of fear.
* * * LOW HITPOINT WARNING * * *
You feel sick.
As you read the scroll labelled FOVOYT HAUCK, it crumbles to dust.
You cannot blink because you are held in place by your roots.
It was a scroll of blinking.
You die...

####.# #.##.. #.### #.....
#...# #....#
###.#######....#
#.............
################...##
#....................
#......##########.###
#...♣..# .....#).....
####'### #...#.#.###
#########.###+##...#.#...#
#.......#..........#)###.#
#.).....'..............#.#
#.......#........#.#.#.#.#
#######.#..........#.#.#.#
#.#.##########.#...# #.#.#
###.#####


There were no monsters in sight!

Vanquished Creatures
  An adder (D:2)
  A dart slug (D:1)
  A ribbon worm (D:2)
  2 ball pythons
  A goblin (D:1)
  4 hobgoblins
  A quokka (D:1)
  3 frilled lizards (D:1)
  2 kobolds (D:2)
  2 rats
18 creatures vanquished.

Notes
Turn   | Place    | Note
-------+----------+-------------------------------------------
     0 | D:1      | Malificent the Mountain Dwarf Artificer began the quest for
                  | the Orb.
     0 | D:1      | Reached XP level 1. HP: 16/16 MP: 1/1
   260 | D:1      | Reached XP level 2. HP: 22/23 MP: 2/2
   843 | D:2      | Found a shimmering blue altar of Sif Muna.
  1211 | D:2      | Reached skill level 4 in Evocations
  1460 | D:2      | Identified the +1 dagger of Roununwu {speed, Dex+4 SInv}
  1479 | D:2      | Reached skill level 1 in Maces & Flails
  1479 | D:2      | Reached XP level 3. HP: 5/29 MP: 3/3
  1482 | D:2      | HP: 2/43 [poisoned by an adder]
  1485 | D:2      | Succumbed to an adder's poison

Illustrated notes

Levels and vault maps discovered:
D:1:      spicycebolla_arrival_risky_transporter, layout_basic,
          nicolae_figureground_sparkle
D:2:      layout_basic, basic_altar

Skill      XL: |  1  2 |
---------------+-------+-----
Evocations     | 4 |  4.0
Maces & Flails | 1 |  1.0
Fighting       | |  1.8
Armour         | |  2.3
Dodging        | |  0.9
Stealth        | |  0.6

Action                     || total
---------------------------++-------
  Melee: Club              ||    73
         Dagger            ||     6
  Evoke: Wand              ||     9
    Use: Scroll            ||     3
         Potion            ||     3
 Armour: Leather armour    ||    50
  Dodge: Dodged            ||    47

Table legend: (Time is in decaauts)
 A = Elapsed time spent in this place.
 B = Non-inter-level travel time spent in this place.
 C = Inter-level travel time spent in this place.
 D = Time resting spent in this place.
 E = Time spent auto-exploring this place.
 F = Levels seen in this place.
 G = Mean time per level.
                   A        B        C        D        E       F      G
               +--------+--------+--------+--------+--------+-----+--------+
         Total |   1503 |   1434 |     69 |    132 |   1044 |   2 |  751.5 |
       Dungeon |   1503 |   1434 |     69 |    132 |   1044 |   2 |  751.5 |
               +--------+--------+--------+--------+--------+-----+--------+

Top non-repeatable levels by time:
     D:2: 762 daAuts
     D:1: 741 daAuts
